 Dungeon Crawl Stone Soup version 0.22-a0-406-g9ff8d77 (webtiles) character file.

81 Borgoz the Skirmisher (level 4, 0/29 HPs)
             Began as a Gargoyle Abyssal Knight on May 8, 2018.
             Was a Believer of Lugonu.
             Slain by an orc priest (2 damage)
             ... on level 2 of the Dungeon.
             The game lasted 00:01:45 (1325 turns).

Borgoz the Skirmisher (Gargoyle Abyssal Knight)     Turns: 1325, Time: 00:01:46

Health: 0/29       AC: 10    Str: 16    XL:     4   Next: 40%
Magic:  6/6        EV: 10    Int: 12    God:    Lugonu [**....]
Gold:   77         SH:  0    Dex: 14    Spells: 3/3 levels left

rFire    + . .     SeeInvis .   a - +1 hand axe
rCold    + . .     Gourm    .   (no shield)
rNeg     + . .     Faith    .   k - +0 scale mail
rPois    ∞         Spirit   .   (no helmet)
rElec    +         Reflect  .   (no cloak)
rCorr    +         Harm     .   (no gloves)
MR       .....                  (no boots)
Stlth    ..........             (no amulet)
HPRegen  0.09/turn              i - +4 ring of dexterity
MPRegen  0.10/turn              (no ring)

@: resistant
A: negative energy resistance 1, electricity resistance, unbreathing,
petrification resistance, rot immunity, AC +3
a: Depart the Abyss, Bend Space, Renounce Religion


You were on level 2 of the Dungeon.
You worshipped Lugonu.
Lugonu was pleased with you.
You were not hungry.

You visited 1 branch of the dungeon, and saw 2 of its levels.
You visited the Abyss 1 time.

You collected 77 gold pieces.

Inventory:

Hand Weapons
 a - a +1 hand axe (weapon)
Armour
 b - a +0 leather armour
 k - a +0 scale mail (worn)
Jewellery
 i - a +4 ring of dexterity (left hand)
Scrolls
 e - 4 scrolls of identify {unknown}
 j - a scroll of random uselessness {unknown}
Potions
 f - a potion of degeneration {unknown}
 g - a potion of invisibility {unknown}
 h - a potion of lignification {unknown}
Comestibles
 c - 4 rations
 l - a chunk of flesh


   Skills:
 + Level 3.9 Fighting
 + Level 2.3 Axes
 + Level 2.9 Armour
 + Level 1.5 Dodging
 + Level 2.8 Invocations


You had 3 spell levels left.
You didn't know any spells.

Dungeon Overview and Level Annotations

Branches:
Dungeon (2/15)

Altars:


Innate Abilities, Weirdness & Mutations

You are resistant to torment.
Your stone body is resilient. (AC +3)
You are immune to poison.
You resist negative energy. (rN+)
You are resistant to electric shocks. (rElec)
You can survive without breathing.
You are immune to petrification.
You are immune to rotting.


Message History

You kill the orc!
Lugonu accepts your kill.
You can now bend space around yourself.
You closely miss the orc priest. You hit the orc.
The orc priest barely misses you. The orc hits you but does no damage.
The orc priest miscasts a cantrip.
The orc hits you but does no damage.
The orc priest hits you but does no damage.
Things that are here:
a flail; a leather armour; an orc corpse You hit the orc priest.
The orc priest is moderately wounded.
You hit the orc but do no damage. The orc barely misses you.
The orc priest hits you but does no damage.
You hit the orc priest but do no damage.
The orc priest is moderately wounded.
You hit the orc.
You kill the orc!
Lugonu accepts your kill. The orc priest hits you.
You die...

.......(.#.....
≈≈≈≈≈≈...#.....
≈≈≈≈≈≈≈.##.....
##########..... #.....
#.###############.####
#..[..............#
#####[.#####.#.####
#@o.# #.#.# #...#
#.#.# #.>.# #.#.#
#...# #.#.# #...#
#.#.# #...# #.#.#
#...# #.#.# #...#


You could see an orc priest.

Vanquished Creatures
  Natasha (D:2)
  3 leopard geckos (D:1)
  3 orcs (D:2)
  3 ball pythons
  2 giant cockroaches (D:2)
  6 goblins (D:1)
  8 hobgoblins
  A quokka (D:2)
  3 bats
  3 frilled lizards (D:1)
  12 kobolds
  A rat (D:1)
46 creatures vanquished.

Notes
Turn   | Place    | Note
-------+----------+-------------------------------------------
     0 | Abyss:1  | Borgoz the Gargoyle Abyssal Knight began the quest for the Orb.
     0 | Abyss:1  | Reached XP level 1. HP: 14/14 MP: 2/2
    10 | Abyss:1  | Found a corrupted altar of Lugonu.
    36 | Abyss:1  | Noticed a sixfirhy
    37 | D:1      | Escaped the Abyss
   150 | D:1      | Reached * piety under Lugonu
   150 | D:1      | Reached skill level 1 in Dodging
   150 | D:1      | Reached XP level 2. HP: 7/19 MP: 3/3
   601 | D:1      | Reached XP level 3. HP: 21/23 MP: 4/4
  1150 | D:2      | Noticed Natasha
  1157 | D:2      | Killed Natasha
  1157 | D:2      | Reached XP level 4. HP: 19/29 MP: 4/6
  1321 | D:2      | HP: 1/29 [orc priest/nerve-wracking pain (6)]
  1322 | D:2      | Reached ** piety under Lugonu
  1325 | D:2      | Slain by an orc priest

Vault maps used:
D:1:      dpeg_arrival_windows_large_door, minmay_door_square
D:2:      minmay_kobold_bridge, first_ration, uniq_natasha

Skill      XL: |  1  2 |
---------------+-------+-----
Dodging        | 1 |  1.5
Axes           | 2 |  2.3
Fighting       | |  3.9
Armour         | |  2.9
Invocations    | |  2.8

Action                   |  1- 3 |  4- 6 || total
-------------------------+-------+-------++-------
Melee: Hand axe          |   135 |    15 ||   150
Invok: Depart the Abyss  |     1 |       ||     1
  Use: Potion            |       |     1 ||     1
 Stab: Sleeping          |     1 |       ||     1
  Eat: Chunk             |     1 |     1 ||     2
Armor: Leather armour    |    67 |     5 ||    72
       Scale mail        |       |     9 ||     9
Dodge: Dodged            |    96 |    12 ||   108

Table legend:
 A = Spawn XP
 B = Non-spawn XP
 C = Spawn XP percentage of total XP
 D = Spawn monster count
 E = Non-spawn monster count
 F = Spawn count percentage of total count
 G = Total turns spent on level
                    A         B        C        D         E        F      G
               +---------+---------+-------+---------+---------+-------+---------
         Total |       0 |     116 |   0.0 |       0 |      46 |   0.0 |  1325
               +---------+---------+-------+---------+---------+-------+---------
           D:1 |       0 |      48 |   0.0 |       0 |      28 |   0.0 |   971
           D:2 |       0 |      68 |   0.0 |       0 |      18 |   0.0 |   317
               +---------+---------+-------+---------+---------+-------+---------
